 Dungeon Crawl Stone Soup version 0.30-a0-612-g150a0467c1 (webtiles) character file.

Game seed: 13297331458974790134

2802 vineage the Fighter (level 9, -2/60 HPs)
             Began as a Gargoyle Fighter on Jan 8, 2023.
             Slain by a two-headed ogre
             ... wielding a +0 giant spiked club
              (18 damage)
             ... on level 8 of the Dungeon.
             The game lasted 00:06:39 (6913 turns).

vineage the Fighter (Gargoyle Fighter)              Turns: 6913, Time: 00:06:39

Health: -2/60      AC: 32    Str: 26    XL:     9   Next: 71%
Magic:  9/9        EV:  7    Int:  9    God:
Gold:   346        SH:  6    Dex:  9    Spells: 8/8 levels left

rFire   . . .      SeeInvis .    d - +2 flail (protect)
rCold   . . .      Faith    .    c - +1 buckler
rNeg    + . .      Spirit   .    h - +0 plate armour
rPois   ∞          Reflect  .    (no helmet)
rElec   +          Harm     .    o - +2 cloak
rCorr   .          Rampage  .    (no gloves)
Will    .....                    b - +1 pair of boots of the Bespelling Gods {Str+2} Stlth
                                 (no amulet)
HPRegen 0.30/turn                (no ring)
MPRegen 0.11/turn                (no ring)

@: under a protective aura
A: sickness immunity, AC +6, negative energy resistance 1, electricity
resistance, torment resistance 1, petrification resistance
a: no special abilities


You were on level 8 of the Dungeon.
You visited 2 branches of the dungeon, and saw 9 of its levels.

You collected 346 gold pieces.

Inventory:

Hand Weapons
 a - a +0 flail
 d - a +2 flail of protection (weapon)
Missiles
 l - a throwing net (quivered)
Armour
 b - the +1 pair of boots of the Bespelling Gods (worn) {Str+2}
   (You acquired it on level 3 of the Dungeon)

   Str:       It affects your strength (+2).
 c - a +1 buckler (worn)
 h - a +0 plate armour (worn)
 o - a +2 cloak (worn)
Jewellery
 r - a ring of flight
Wands
 e - a wand of flame (17)
Scrolls
 f - 5 scrolls of identify
 g - 3 scrolls of fog
 k - a scroll of teleportation
 t - 3 scrolls of poison
Potions
 i - a potion of mutation {unknown}
 j - a potion of curing
 m - 2 potions of degeneration {unknown}
 p - 3 potions of heal wounds {unknown}
 q - 2 potions of brilliance {unknown}


   Skills:
 * Level 8.9 Fighting
 * Level 7.8 Maces & Flails
 + Level 6.7 Armour
 + Level 6.6 Shields


You had 8 spell levels left.
You didn't know any spells.
Your spell library contained the following spells:

 Spells                   Type           Power      Damage    Failure   Level
 Animate Dead             Necr           0%         N/A       100%        4
 Haunt                    Necr/Summ      0%         N/A       100%        7
 Infestation              Necr           0%         N/A       100%        8


Dungeon Overview and Level Annotations

Branches:
Dungeon (8/15)             Temple (1/1) D:5
   Lair: D:8-11

Altars:
Ashenzari
Cheibriados
Dithmenos
Elyvilon
Fedhas
Gozag
Hepliaklqana
Kikubaaqudgha
Makhleb
Qazlal
Ru
Sif Muna
Trog
Uskayaw
Vehumet
Wu Jian
Xom
Yredelemnul
Zin
The Shining One

Shops:
D:3 *

Annotations:
D:3 2 transporters
D:5 1 runed translucent door


Innate Abilities, Weirdness & Mutations

You are immune to sickness and miasma.
Your stone body is resilient. (AC +6)
You are immune to poison.
You resist negative energy. (rN+)
You are resistant to electric shocks. (rElec)
You are resistant to unholy torment.
You are immune to petrification.


Message History

You hit the two-headed ogre but do no damage.
The two-headed ogre is moderately wounded.
The two-headed ogre hits you with a +0 giant spiked club.
You block the two-headed ogre's attack.
You hit the two-headed ogre but do no damage.
The two-headed ogre is moderately wounded.
The two-headed ogre completely misses you.
The two-headed ogre hits you with a +0 giant spiked club!
You hit the two-headed ogre.
The two-headed ogre is moderately wounded.
You sock the two-headed ogre!
The two-headed ogre is severely wounded.
The two-headed ogre hits you with a +0 giant spiked club.
The two-headed ogre hits you with a +0 giant spiked club!
You barely miss the two-headed ogre.
The two-headed ogre is severely wounded.
The two-headed ogre hits you with a +0 giant spiked club.
* * * LOW HITPOINT WARNING * * *
You block the two-headed ogre's attack.
You hit the two-headed ogre.
The two-headed ogre is severely wounded.
The two-headed ogre hits you with a +0 giant spiked club!
* * * LOW HITPOINT WARNING * * *
You block the two-headed ogre's attack.
You barely miss the two-headed ogre.
The two-headed ogre is severely wounded.
You barely miss the two-headed ogre.
The two-headed ogre is severely wounded.
The two-headed ogre hits you with a +0 giant spiked club.
* * * LOW HITPOINT WARNING * * *
The two-headed ogre barely misses you.
You feel better. The two-headed ogre barely misses you.
The two-headed ogre closely misses you.
You barely miss the two-headed ogre.
The two-headed ogre is severely wounded.
You hit the two-headed ogre.
Your weapon exudes an aura of protection.
The two-headed ogre is severely wounded.
The two-headed ogre hits you with a +0 giant spiked club!!
You die...

###<....########.##....#...#.=
#..........# #.##....#...#y.
#.#.....##.# ###...#...#p..###
#....<..##.# #...##.##.##Y....
#....#####.# #.#.##.##..#y....
#.... #.# #.#.##.#...###...
#..## #.# #.#..........####
#.. #.###O###.##......... #.
#...@.##............. #
########..##...####..
........## . ##..##### ##.#
#.#


You could see a two-headed ogre.

Vanquished Creatures
  The ghost of heinrich the Sneak, a novice VSBr (D:5)
  A wyvern (D:8)
  2 water moccasins
  2 ice beasts
  An orc warrior (D:7)
  An ogre (D:5)
  2 centaurs (D:7)
  2 phantoms
  A kobold brigand (D:6)
  3 bullfrogs
  A necrophage (D:6)
  A scorpion (D:6)
  7 killer bees
  2 howler monkeys
  5 hounds
  A jelly (D:7)
  Crazy Yiuf (D:3)
  4 orc priests
  3 iguanas
  3 orc wizards
  4 gnolls (D:5)
  9 adders
  A river rat (D:5)
  2 white imps
  An ufetubus (D:5)
  2 worms
  3 dart slugs
  11 orcs
  3 endoplasms
  4 giant cockroaches
  6 goblins
  11 hobgoblins
  4 jackals (D:1)
  4 quokkas
  9 ball pythons
  8 bats
  5 frilled lizards
  7 kobolds
  4 rats
142 creatures vanquished.

Notes
Turn   | Place    | Note
-------+----------+-------------------------------------------
     0 | D:1      | vineage the Gargoyle Fighter began the quest for the Orb.
     0 | D:1      | Reached XP level 1. HP: 14/14 MP: 1/1
   353 | D:1      | Reached XP level 2. HP: 14/19 MP: 2/2
   868 | D:1      | Reached XP level 3. HP: 24/24 MP: 3/3
  1256 | D:2      | Reached skill level 4 in Fighting
  1344 | D:2      | Reached XP level 4. HP: 29/29 MP: 4/4
  1844 | D:2      | Found a faded altar of an unknown god.
  1915 | D:3      | Found a transporter.
  1962 | D:3      | Noticed a kobold demonologist
  1967 | D:3      | Found a transporter.
  1988 | D:3      | Found Athuj's General Store.
  2132 | D:3      | Reached XP level 5. HP: 30/34 MP: 5/5
  2373 | D:3      | Found a runed translucent door.
  2374 | D:3      | Noticed Crazy Yiuf
  2706 | D:3      | Killed Crazy Yiuf
  2728 | D:3      | Identified a scroll of acquirement
  2728 | D:3      | Acquired the +1 pair of boots of the Bespelling Gods
                  | {Str+2}
  3019 | D:4      | Reached XP level 6. HP: 40/40 MP: 6/6
  3065 | D:4      | Reached skill level 5 in Fighting
  3330 | D:5      | Entered Level 5 of the Dungeon
  3353 | D:5      | Reached XP level 7. HP: 41/44 MP: 7/7
  3470 | D:5      | Found a staircase to the Ecumenical Temple.
  3515 | D:5      | Found a runed translucent door.
  3555 | D:5      | Reached skill level 6 in Fighting
  3558 | D:5      | Reached skill level 5 in Maces & Flails
  3728 | D:5      | Reached skill level 5 in Shields
  3758 | Temple   | Entered the Ecumenical Temple
  3933 | D:5      | Found a runed translucent door.
  3944 | D:5      | Noticed heinrich's ghost (novice VSBr)
  3991 | D:5      | Killed heinrich's ghost
  3992 | D:5      | Reached skill level 5 in Armour
  3992 | D:5      | Reached XP level 8. HP: 52/52 MP: 8/8
  4295 | D:5      | Reached skill level 7 in Fighting
  5561 | D:6      | Found a shimmering blue altar of Sif Muna.
  5697 | D:7      | Reached XP level 9. HP: 58/58 MP: 9/9
  5769 | D:7      | Reached skill level 8 in Fighting
  6192 | D:7      | Found a basalt altar of Yredelemnul.
  6871 | D:8      | Noticed a meliai
  6871 | D:8      | Noticed a death knight
  6872 | D:8      | Noticed a two-headed ogre
  6913 | D:8      | Slain by a two-headed ogre

Illustrated notes

Levels and vault maps discovered:
D:1:      mrwooster_arrival_arrow, layout_basic
D:2:      layout_basic, ebering_ecumenical_altar_hall, dreamdust_wishing_well
D:3:      gammafunk_wand_slinger, layout_basic, serial_shops,
          nicolae_shop_crystal, uniq_crazy_yiuf_cottage
D:4:      layout_basic
D:5:      layout_rooms, minmay_temple_entry_gardened_gates,
          ebering_ghost_sewer_f
D:6:      layout_cave_pods, lemuel_blue_sif_altar, palyth_stone_intersect
D:7:      layout_basic, kennysheep_mini, minmay_holes
D:8:      layout_loops_ring, minmay_radiant
Temple:   mainiacjoe_temple_coin_purse

Skill      XL: |  1  2  3  4  5  6  7  8  9 |
---------------+----------------------------+-----
Fighting       | 4 5 6 7 8 |  8.9
Maces & Flails | 3 4 5 6 7 |  7.8
Armour         | 4 5 6 |  6.7
Shields        | 4 5 6 |  6.6

Action                   |  1- 3 |  4- 6 |  7- 9 || total
-------------------------+-------+-------+-------++-------
Melee: Flail             |   133 |   185 |   338 ||   656
  Use: Scroll            |     2 |     6 |     6 ||    14
       Potion            |       |     1 |     3 ||     4
Armor: Scale mail        |    74 |       |       ||    74
       Plate armour      |    70 |   172 |   309 ||   551
Dodge: Dodged            |    87 |    60 |   116 ||   263
Block: Buckler           |    48 |    42 |    98 ||   188

Table legend: (Time is in decaauts)
 A = Elapsed time spent in this place.
 B = Non-inter-level travel time spent in this place.
 C = Inter-level travel time spent in this place.
 D = Time resting spent in this place.
 E = Time spent auto-exploring this place.
 F = Levels seen in this place.
 G = Mean time per level.
                   A        B        C        D        E       F      G
               +--------+--------+--------+--------+--------+-----+--------+
         Total |   7033 |   6748 |    285 |    627 |   4782 |   9 |  781.4 |
       Dungeon |   6900 |   6630 |    270 |    627 |   4680 |   8 |  862.5 |
        Temple |    132 |    117 |     15 |      0 |    102 |   1 |  132.0 |
               +--------+--------+--------+--------+--------+-----+--------+

Top non-repeatable levels by time:
     D:6: 1326 daAuts
     D:3: 1022 daAuts
     D:7: 1016 daAuts
     D:1: 958 daAuts
     D:2: 953 daAuts
     D:5: 932 daAuts
     D:4: 470 daAuts
     D:8: 221 daAuts
  Temple: 132 daAuts
